[Event "Titled Tuesday Blitz May 23 Early 2023"]
[White "Estrada Nieto, Julian"]
[Black "Zaichenko, Daria"]
[WhiteFideId "5101018"]
[BlackFideId "4197453"]
[WhiteElo "2161"]
[BlackElo "2039"]
[Result "1-0"]
[Round "10"]
[TimeControl "180+2"]
[Date "2023.05.23"]
[WhiteClock "0:01:11"]
[BlackClock "0:02:07"]

1. e4 c5 2. Nf3 Nc6 3. Bb5 g6 4. Bxc6 bxc6 5. O-O Bg7 6. Re1 Nf6 7. e5 Nd5 8. d4 cxd4 9. Qxd4 O-O 10. Nc3 Nxc3 11. Qxc3 Bb7 12. Bf4 d6 13. Rad1 Qb6 14. Qb3 d5 15. Be3 c5 16. Bxc5 Qxc5 17. Qxb7 Qxc2 18. Rd2 Qa4 19. b3 Qa3 20. Qxd5 Rfd8 21. Qe4 Rxd2 22. Qxa8+ 1-0


[Site "https://www.chess.com"]

[Event "Titled Tuesday Blitz May 23 Early 2023"]
[White "Yurasova, Daria"]
[Black "Kuchava, Ana"]
[WhiteFideId "34146919"]
[BlackFideId "13605348"]
[WhiteElo "2109"]
[BlackElo "2001"]
[Result "1-0"]
[Round "10"]
[TimeControl "180+2"]
[Date "2023.05.23"]
[WhiteClock "0:00:16"]
[BlackClock "0:00:00"]

1. d4 d5 2. Nf3 Nf6 3. Bf4 c5 4. e3 cxd4 5. exd4 Nc6 6. c3 Bf5 7. Nbd2 e6 8. Bb5 Bd6 9. Ne5 Qc7 10. O-O O-O 11. Re1 Ne4 12. Bg3 Nxg3 13. hxg3 Nxe5 14. dxe5 Bxe5 15. Nf3 Bf6 16. Bd3 Bxd3 17. Qxd3 Rac8 18. Nd4 Qc4 19. Qe3 Bxd4 20. cxd4 Qb4 21. a3 Qxb2 22. Rab1 Qc3 23. Rxb7 Qxe3 24. fxe3 a5 25. Rb5 a4 26. Rb4 Rc4 27. Rxc4 dxc4 28. Rc1 Rc8 29. Kf2 Kf8 30. Ke2 Ke7 31. Rb1 c3 32. Kd3 Kd6 33. Rc1 Rb8 34. Rxc3 Rb2 35. e4 Rxg2 36. e5+ Kd7 37. Ke4 Rb2 38. Rc4 Rb3 39. Rxa4 Rxg3 40. Ra7+ Kc6 41. Rxf7 h5 42. Re7 Rg6 43. Rxe6+ Rxe6 44. d5+ Kd7 45. dxe6+ Kxe6 46. a4 h4 47. a5 h3 48. Kf3 Kxe5 49. a6 g5 50. a7 g4+ 51. Kg3 1-0


[Site "https://www.chess.com"]

[Event "Titled Tuesday Blitz May 23 Early 2023"]
[White "Jovic, Stanoje"]
[Black "Tsyhanchuk, Stanislav"]
[WhiteFideId "905020"]
[BlackFideId "13505130"]
[WhiteElo "2236"]
[BlackElo "2173"]
[Result "1-0"]
[Round "10"]
[TimeControl "180+2"]
[Date "2023.05.23"]
[WhiteClock "0:00:17"]
[BlackClock "0:00:02"]

1. c4 Nf6 2. g3 e6 3. Bg2 d5 4. Nf3 d4 5. O-O c5 6. e3 Nc6 7. a3 a5 8. Re1 Bd6 9. exd4 cxd4 10. b3 O-O 11. d3 e5 12. Bg5 h6 13. Bxf6 Qxf6 14. Nbd2 Bf5 15. Ne4 Bxe4 16. Rxe4 Rfe8 17. Qc2 Qd8 18. c5 Bc7 19. Rae1 f5 20. R4e2 e4 21. Qc4+ Kh8 22. Nh4 Ne5 23. Qb5 exd3 24. Rxe5 Bxe5 25. Rxe5 d2 26. Bf3 Rxe5 27. Ng6+ Kh7 28. Nxe5 Qe8 29. c6 bxc6 30. Nxc6 Qe1+ 31. Kg2 Rf8 32. Qd3 g6 33. Qxd4 Rf7 34. Qd5 Rc7 35. h4 h5 36. b4 axb4 37. axb4 Qc1 38. b5 Kh6 39. Qd6 Rc8 40. Qd7 Ra8 41. Ne5 Ra3 42. Nf7+ Kg7 43. Ng5+ Kf6 44. Qd6+ Kg7 45. Qe7+ Kh8 46. Qh7# 1-0


[Site "https://www.chess.com"]

[Event "Titled Tuesday Blitz May 23 Early 2023"]
[White "DIM90"]
[Black "Rodchenkov, Sergey D."]
[BlackFideId "4168712"]
[WhiteElo "2282"]
[BlackElo "2277"]
[Result "0-1"]
[Round "10"]
[TimeControl "180+2"]
[Date "2023.05.23"]
[WhiteClock "0:01:37"]
[BlackClock "0:00:50"]

1. e4 c5 2. d4 cxd4 3. c3 dxc3 4. Nxc3 a6 5. Nf3 e6 6. Bc4 h6 7. O-O Qc7 8. Qe2 Nc6 9. Rd1 Nge7 10. g3 Ng6 11. h4 Bc5 12. Kg2 b5 13. Bb3 Bb7 14. h5 Nge5 15. Bf4 d6 16. Rac1 Nxf3 17. Qxf3 O-O 18. Nd5 exd5 19. Rxc5 dxe4 20. Qg4 e3 21. Bd5 Qc8 22. Qxc8 Rfxc8 23. Bxd6 exf2 24. Kxf2 Na5 25. b4 Bxd5 26. Rdxd5 Nc4 27. Bf4 Rd8 28. Rxd8+ Rxd8 29. Rc6 Ra8 30. a4 Nb2 31. a5 Nd3+ 32. Ke3 Nxb4 33. Rc7 Nd5+ 0-1


[Site "https://www.chess.com"]

[Event "Titled Tuesday Blitz May 23 Early 2023"]
[White "Schnaider, Ilan"]
[Black "Golubev, Mikhail"]
[WhiteFideId "169013"]
[BlackFideId "14100983"]
[WhiteElo "2224"]
[BlackElo "2374"]
[Result "1-0"]
[Round "10"]
[TimeControl "180+2"]
[Date "2023.05.23"]
[WhiteClock "0:00:09"]
[BlackClock "0:00:00"]

1. e4 c5 2. Nf3 d6 3. Bb5+ Bd7 4. Bxd7+ Nxd7 5. O-O Ngf6 6. Re1 e6 7. c4 Ne5 8. b3 Nxf3+ 9. Qxf3 Be7 10. Bb2 O-O 11. d4 cxd4 12. Bxd4 d5 13. cxd5 exd5 14. e5 Ne4 15. Nc3 Ng5 16. Qg3 Ne6 17. Rad1 Rc8 18. Ne2 Qa5 19. f4 Bb4 20. Rf1 Rc2 21. f5 Rxe2 22. fxe6 fxe6 23. Qg4 Qxa2 24. Rxf8+ Bxf8 25. Rf1 h6 26. Qxe6+ Kh7 27. Qf5+ g6 28. Qf3 Bg7 29. Qxd5 Qd2 30. Kh1 Qd3 31. Qc4 Qxc4 32. bxc4 Bxe5 33. Bxa7 Rc2 34. c5 Bd4 35. g3 Kg7 36. Rd1 Bxc5 37. Rd7+ Kf6 38. Rc7 Rc1+ 39. Kg2 Be3 40. Rxb7 Bxa7 41. Rxa7 1-0


[Site "https://www.chess.com"]

[Event "Titled Tuesday Blitz May 23 Early 2023"]
[White "Artemenko, Oleg"]
[Black "Kirillov, Dmitry"]
[WhiteFideId "14201798"]
[BlackFideId "34180572"]
[WhiteElo "2287"]
[BlackElo "2161"]
[Result "1-0"]
[Round "10"]
[TimeControl "180+2"]
[Date "2023.05.23"]
[WhiteClock "0:00:19"]
[BlackClock "0:00:42"]

1. d4 d5 2. c4 e6 3. Nc3 c6 4. e4 Bb4 5. cxd5 exd5 6. e5 Ne7 7. Bd3 c5 8. a3 Bxc3+ 9. bxc3 Nbc6 10. Ne2 Bf5 11. O-O Rc8 12. Rb1 Qd7 13. a4 O-O 14. Ba3 cxd4 15. cxd4 Rfe8 16. Rb3 Na5 17. Bb5 Nec6 18. Rg3 a6 19. Bd3 Nc4 20. Nf4 Nxa3 21. Nh5 Bg6 22. f4 Nxd4 23. f5 Nxf5 24. Bxf5 Bxf5 25. Nf6+ Kh8 26. Nxd7 Bxd7 27. Rxf7 Be6 28. Rfxg7 Rf8 29. Rxh7+ 1-0


[Site "https://www.chess.com"]

[Event "Titled Tuesday Blitz May 23 Early 2023"]
[White "Bodnaruk, Anastasia"]
[Black "Fernandez Siles, Luis"]
[WhiteFideId "4181751"]
[BlackFideId "2209420"]
[WhiteElo "2304"]
[BlackElo "2195"]
[Result "0-1"]
[Round "10"]
[TimeControl "180+2"]
[Date "2023.05.23"]
[WhiteClock "0:01:28"]
[BlackClock "0:00:27"]

1. e4 c5 2. Nc3 Nc6 3. Bb5 Nd4 4. Bc4 g6 5. Nf3 Bg7 6. Nxd4 cxd4 7. Qf3 Nh6 8. Ne2 O-O 9. d3 Ng4 10. Qg3 d6 11. f4 Qa5+ 12. Bd2 Qb6 13. Bb3 a5 14. a4 Ne3 15. h4 Be6 16. Bxe3 dxe3 17. Bxe6 fxe6 18. h5 Qxb2 19. Rd1 Qxc2 20. hxg6 hxg6 21. Qxe3 Bc3+ 22. Kf1 Qxd1+ 0-1


[Site "https://www.chess.com"]

[Event "Titled Tuesday Blitz May 23 Early 2023"]
[White "Kim, Sergey"]
[Black "Kotepalli, Sai Nirupama"]
[WhiteFideId "13700570"]
[BlackFideId "5039444"]
[WhiteElo "2552"]
[BlackElo "2368"]
[Result "1-0"]
[Round "10"]
[TimeControl "180+2"]
[Date "2023.05.23"]
[WhiteClock "0:01:05"]
[BlackClock "0:00:21"]

1. d4 g6 2. c4 Bg7 3. Nc3 d6 4. e4 Nf6 5. Nge2 O-O 6. Ng3 c5 7. d5 a6 8. a4 Re8 9. Be2 Nbd7 10. O-O Nf8 11. Bf4 h5 12. Qd2 N8h7 13. Rae1 Nd7 14. Bh6 Qb6 15. Bxg7 Kxg7 16. f4 Nhf6 17. Bd3 Qc7 18. e5 dxe5 19. f5 Nf8 20. fxg6 fxg6 21. Qg5 Qd6 22. Nce4 Nxe4 23. Nxh5+ Kg8 24. Bxe4 Bd7 25. Qh6 gxh5 26. Rxf8+ 1-0


[Site "https://www.chess.com"]

[Event "Titled Tuesday Blitz May 23 Early 2023"]
[White "Kabilov, Amin"]
[Black "Toncheva, Nadya"]
[WhiteFideId "14700859"]
[BlackFideId "2924056"]
[WhiteElo "2110"]
[BlackElo "2101"]
[Result "0-1"]
[Round "10"]
[TimeControl "180+2"]
[Date "2023.05.23"]
[WhiteClock "0:00:14"]
[BlackClock "0:01:22"]

1. Nf3 c5 2. c4 Nc6 3. Nc3 e5 4. g3 g6 5. Bg2 Bg7 6. O-O Nge7 7. Ne1 O-O 8. Nc2 d6 9. Ne3 a6 10. d3 Rb8 11. a4 a5 12. Ncd5 f5 13. Nxe7+ Nxe7 14. Nd5 Nxd5 15. Bxd5+ Kh8 16. f4 Qe7 17. e4 fxe4 18. dxe4 Bh3 19. Be3 Bxf1 20. Qxf1 exf4 21. gxf4 Qh4 22. Qf3 b6 23. Rf1 Bxb2 24. Kh1 Bg7 25. Rg1 Be5 26. Rf1 g5 27. fxe5 Rxf3 28. Rxf3 dxe5 29. Bd2 Qg4 30. Rf1 Qe2 31. Bc3 Qxf1# 0-1


[Site "https://www.chess.com"]

[Event "Titled Tuesday Blitz May 23 Early 2023"]
[White "Ovezdurdyyeva, Jemal"]
[Black "surrenderPLS"]
[WhiteFideId "14001888"]
[WhiteElo "2043"]
[BlackElo "2531"]
[Result "0-1"]
[Round "10"]
[TimeControl "180+2"]
[Date "2023.05.23"]
[WhiteClock "0:01:31"]
[BlackClock "0:00:24"]

1. e4 c5 2. Nf3 d6 3. d4 cxd4 4. Nxd4 Nf6 5. Nc3 e5 6. Nf3 Be7 7. Bc4 O-O 8. O-O Be6 9. Nd5 Nxe4 10. Be3 Nc6 11. Qe2 Nf6 12. Rfd1 Nxd5 13. Bxd5 Bxd5 14. Rxd5 Rc8 15. a3 f5 16. Rad1 Qc7 17. c4 b6 18. Ng5 Bxg5 19. Bxg5 Nd4 20. Qh5 Qxc4 21. Rxd6 g6 22. Bf6 gxh5 0-1


[Site "https://www.chess.com"]

[Event "Titled Tuesday Blitz May 23 Early 2023"]
[White "Alexikov, Alexander"]
[Black "Sukandar, Irine Kharisma"]
[WhiteFideId "14103958"]
[BlackFideId "7101937"]
[WhiteElo "2186"]
[BlackElo "2315"]
[Result "1-0"]
[Round "10"]
[TimeControl "180+2"]
[Date "2023.05.23"]
[WhiteClock "0:00:05"]
[BlackClock "0:00:00"]

1. e4 c5 2. Nf3 a6 3. c3 d6 4. d4 Nf6 5. Bd3 Bg4 6. Be3 b6 7. Nbd2 Nc6 8. h3 Bc8 9. Rc1 g6 10. O-O Bg7 11. Re1 O-O 12. d5 Nb8 13. c4 b5 14. Qc2 Nbd7 15. b3 b4 16. a3 a5 17. a4 Nh5 18. g4 Nhf6 19. Nf1 h5 20. g5 Nh7 21. h4 Ne5 22. Nxe5 Bxe5 23. f4 Bg7 24. Ng3 e6 25. Kh2 f6 26. Rf1 e5 27. f5 fxg5 28. fxg6 gxh4 29. gxh7+ Kh8 30. Nf5 Bxf5 31. Rxf5 Rxf5 32. exf5 e4 33. Bxe4 Be5+ 34. Kh1 h3 35. Qf2 Qf6 36. Rg1 h2 37. Rg6 Qf7 38. Bf4 Re8 39. Qxh2 Bd4 40. Qxh5 Bg7 41. f6 Bxf6 42. Rg8+ 1-0


[Site "https://www.chess.com"]

[Event "Titled Tuesday Blitz May 23 Early 2023"]
[White "Smiechu"]
[Black "Yelisieiev, Yevhenii"]
[BlackFideId "14139642"]
[WhiteElo "2330"]
[BlackElo "2403"]
[Result "1-0"]
[Round "10"]
[TimeControl "180+2"]
[Date "2023.05.23"]
[WhiteClock "0:00:12"]
[BlackClock "0:00:00"]

1. e4 d5 2. exd5 Qxd5 3. Nf3 Nf6 4. d4 Bf5 5. c4 Qd8 6. Nc3 e6 7. Bd3 Bxd3 8. Qxd3 Be7 9. O-O O-O 10. Bf4 Nbd7 11. Rad1 Nb6 12. Rfe1 Re8 13. b3 Qd7 14. Ne5 Qc8 15. Qh3 Nbd7 16. Nf3 c6 17. Ng5 Nf8 18. Nce4 Nxe4 19. Nxe4 Ng6 20. Bg3 Rd8 21. c5 Rd5 22. Bd6 Qd8 23. Qf3 Rf5 24. Qg3 Bh4 25. Qc3 Nf4 26. Bxf4 Rxf4 27. g3 Rg4 28. f3 Rg6 29. Kf2 Be7 30. f4 Qd5 31. Qc4 Qd7 32. b4 a6 33. a4 h5 34. h4 Kh7 35. Qd3 Kg8 36. Qf3 Qd5 37. Nc3 Qxf3+ 38. Kxf3 Rd8 39. b5 axb5 40. axb5 cxb5 41. Nxb5 Rf6 42. Re5 Rf5 43. Rxf5 exf5 44. Re1 Bf6 45. Rd1 Be7 46. Nc3 Ra8 47. Nd5 Bd8 48. Rb1 Ra3+ 49. Kg2 Ra2+ 50. Kh3 Rd2 51. Rb4 g6 52. Ne3 Bf6 53. Nf1 1-0


[Site "https://www.chess.com"]

[Event "Titled Tuesday Blitz May 23 Early 2023"]
[White "Todorovic, Bojan"]
[Black "Hajiyev, Kanan"]
[WhiteFideId "917087"]
[BlackFideId "13404148"]
[WhiteElo "2266"]
[BlackElo "2103"]
[Result "1-0"]
[Round "10"]
[TimeControl "180+2"]
[Date "2023.05.23"]
[WhiteClock "0:00:27"]
[BlackClock "0:00:18"]

1. d4 Nf6 2. c4 e6 3. Nf3 b6 4. a3 d5 5. Nc3 Bb7 6. Bg5 Be7 7. e3 O-O 8. Rc1 h6 9. Bxf6 Bxf6 10. cxd5 exd5 11. b4 c5 12. bxc5 bxc5 13. dxc5 Qa5 14. Qd2 Na6 15. Nb5 Qa4 16. Nd6 Bc6 17. Be2 Rab8 18. O-O Rb2 19. Qd3 Rb3 20. Qxa6 Rxa3 21. Qxa4 Rxa4 22. Bb5 Bxb5 23. Nxb5 Rc8 24. Nbd4 a5 25. c6 Rc4 26. Rxc4 dxc4 27. Rc1 Kf8 28. Rxc4 Ke7 29. h4 Kd6 30. Ra4 Ra8 31. Kh2 h5 32. Kg3 Kc5 33. Kf4 g6 34. c7 Kd6 35. Nb5+ Kd7 36. Nfd4 Ra6 37. g3 Kc8 38. Ke4 Kd7 39. Kd3 Kc8 40. Kc4 Kb7 41. Kd5 Kc8 42. Rc4 a4 43. Nd6+ Rxd6+ 44. Kxd6 a3 45. Ra4 Kb7 46. Kd7 1-0


[Site "https://www.chess.com"]

[Event "Titled Tuesday Blitz May 23 Early 2023"]
[White "Berezin, Viktor"]
[Black "Buscar, Michael"]
[WhiteFideId "14107872"]
[BlackFideId "2603616"]
[WhiteElo "2310"]
[BlackElo "2010"]
[Result "1-0"]
[Round "10"]
[TimeControl "180+2"]
[Date "2023.05.23"]
[WhiteClock "0:00:10"]
[BlackClock "0:00:12"]

1. d4 Nf6 2. Nf3 e6 3. c4 c5 4. d5 exd5 5. cxd5 d6 6. Nc3 g6 7. g3 Bg7 8. Bg2 O-O 9. O-O Na6 10. Bf4 Nc7 11. e4 b5 12. e5 dxe5 13. Nxe5 Bb7 14. Nc6 Qd7 15. Bxc7 Qxc7 16. Nxb5 Qb6 17. Qb3 Kh8 18. Nbxa7 Qxb3 19. axb3 Nd7 20. Rfb1 Rfe8 21. b4 Re2 22. bxc5 Nxc5 23. Nb5 Bxb2 24. Rxa8+ Bxa8 25. d6 Rd2 26. Re1 Ne6 27. Ne5 Kg7 28. Bxa8 Ng5 29. Nc4 Nh3+ 30. Kg2 Rxf2+ 31. Kxh3 h5 32. Nxb2 g5 33. g4 f5 34. Kg3 Rxb2 35. gxf5 Rxb5 36. d7 Rb3+ 37. Kf2 Rd3 38. Bc6 Kf7 39. Re8 1-0


[Site "https://www.chess.com"]

[Event "Titled Tuesday Blitz May 23 Early 2023"]
[White "Rose, Felix"]
[Black "Goltseva, Ekaterina"]
[WhiteFideId "5105722"]
[BlackFideId "24173770"]
[WhiteElo "2039"]
[BlackElo "2114"]
[Result "0-1"]
[Round "10"]
[TimeControl "180+2"]
[Date "2023.05.23"]
[WhiteClock "0:00:00"]
[BlackClock "0:01:48"]

1. e4 Nf6 2. e5 Nd5 3. d4 d6 4. c4 Nb6 5. exd6 cxd6 6. Nc3 g6 7. Be3 Bg7 8. Rc1 Nc6 9. b3 Bf5 10. d5 Nb4 11. Nf3 O-O 12. Nd4 Bd7 13. Be2 e5 14. dxe6 fxe6 15. O-O Qe7 16. a3 Nc6 17. Ndb5 Nc8 18. Qd2 a6 19. Bg5 Bf6 0-1


[Site "https://www.chess.com"]

[Event "Titled Tuesday Blitz May 23 Early 2023"]
[White "Goncalves, Davi Sulzbacher"]
[Black "mohsengabr2002"]
[WhiteFideId "2154510"]
[WhiteElo "2182"]
[BlackElo "2301"]
[Result "1-0"]
[Round "10"]
[TimeControl "180+2"]
[Date "2023.05.23"]
[WhiteClock "0:00:10"]
[BlackClock "0:00:53"]

1. Nf3 d5 2. g3 Nc6 3. d4 Bg4 4. Bg2 Bxf3 5. Bxf3 e6 6. O-O Nf6 7. c4 dxc4 8. e3 Nd5 9. Qe2 Nb6 10. Nd2 h5 11. Nxc4 h4 12. Bd2 Bd6 13. Rfc1 Kf8 14. a3 hxg3 15. hxg3 Qg5 16. Kg2 Nd5 17. Rh1 Ke7 18. Nxd6 cxd6 19. e4 Qf6 20. exd5 Nxd4 21. Bc3 Rxh1 22. Rxh1 Rc8 23. Bxd4 Qxd4 24. dxe6 fxe6 25. Re1 Qf6 26. Qb5 b6 27. Qa4 Rc7 28. b4 Qc3 29. Re2 Kf6 30. Qe8 Re7 31. Qf8+ Rf7 32. Qxd6 Kg6 33. Be4+ Kh6 34. Qxe6+ Rf6 35. Qh3+ Kg5 36. Qh4# 1-0


[Site "https://www.chess.com"]

[Event "Titled Tuesday Blitz May 23 Early 2023"]
[White "Korkmaz, Necmettin"]
[Black "ChawitAp"]
[WhiteFideId "6303285"]
[WhiteElo "2097"]
[BlackElo "2286"]
[Result "0-1"]
[Round "10"]
[TimeControl "180+2"]
[Date "2023.05.23"]
[WhiteClock "0:00:29"]
[BlackClock "0:00:06"]

1. e4 c6 2. d4 g6 3. Nc3 Bg7 4. Nf3 d5 5. h3 dxe4 6. Nxe4 Nf6 7. Nxf6+ exf6 8. Bc4 O-O 9. O-O Bf5 10. Re1 Nd7 11. c3 Nb6 12. Bb3 Re8 13. Be3 Be4 14. Nd2 f5 15. Nxe4 fxe4 16. Qd2 Nd5 17. Bh6 Bxh6 18. Qxh6 Qf6 19. g3 e3 20. f4 Re7 21. Re2 Rae8 22. Qg5 Qd6 23. Bxd5 cxd5 24. Rae1 Kg7 25. Qg4 h5 26. Qf3 Qe6 27. g4 Qe4 28. Kg2 hxg4 29. hxg4 Qd3 30. Qxd5 Re4 31. Kf3 R8e6 32. g5 b5 33. f5 gxf5 34. Qxf5 b4 35. Rh1 bxc3 36. Rh8 Rf4+ 37. Qxf4 Kxh8 38. bxc3 Kg7 39. Rxe3 Qd1+ 40. Kg3 Qg1+ 41. Kf3 Qf1+ 42. Kg4 Qg1+ 43. Rg3 Qd1+ 44. Kh4 Qc2 45. d5 Re4 46. Rf3 Qh2+ 47. Kg4 Rxf4+ 48. Rxf4 Qg2+ 49. Kf5 Qxd5+ 50. Kg4 Qxa2 51. c4 Qe2+ 52. Kf5 a5 53. Re4 Qc2 54. Ke5 a4 55. Kd5 a3 56. c5 a2 57. Re1 Qb3+ 58. Kc6 Qa4+ 59. Kc7 Qa5+ 0-1


[Site "https://www.chess.com"]

[Event "Titled Tuesday Blitz May 23 Early 2023"]
[White "lluiss"]
[Black "Omariev, Maksim"]
[BlackFideId "4193423"]
[WhiteElo "2269"]
[BlackElo "2474"]
[Result "0-1"]
[Round "10"]
[TimeControl "180+2"]
[Date "2023.05.23"]
[WhiteClock "0:00:42"]
[BlackClock "0:00:36"]

1. Nf3 d5 2. d4 c6 3. c4 Nf6 4. cxd5 cxd5 5. Nc3 Nc6 6. Bf4 a6 7. e3 Bf5 8. Bd3 Bxd3 9. Qxd3 e6 10. O-O Be7 11. Rfc1 Nh5 12. Bg3 Nxg3 13. hxg3 O-O 14. a3 Rc8 15. b4 b5 16. Nd2 Qb6 17. Nb3 Rc7 18. Rc2 Rfc8 19. Rac1 Bxb4 20. Nxd5 exd5 21. axb4 Nxb4 22. Rxc7 Rxc7 23. Rxc7 Qxc7 24. Qf5 g6 25. Qf3 a5 26. Nc5 a4 27. e4 dxe4 28. Qxe4 Qd8 29. d5 Nxd5 30. Qe5 a3 31. Nb7 Qd7 32. Nd6 Qe6 0-1


[Site "https://www.chess.com"]

[Event "Titled Tuesday Blitz May 23 Early 2023"]
[White "Martin, Lewis"]
[Black "Shubenkova, Veronika"]
[WhiteFideId "410551"]
[BlackFideId "44124040"]
[WhiteElo "2145"]
[BlackElo "2060"]
[Result "0-1"]
[Round "10"]
[TimeControl "180+2"]
[Date "2023.05.23"]
[WhiteClock "0:01:17"]
[BlackClock "0:02:22"]

1. e4 e6 2. b3 d5 3. exd5 exd5 4. Bb2 Nf6 5. Nf3 Be7 6. Be2 O-O 7. O-O c5 8. d4 Nc6 9. dxc5 Bxc5 10. Nbd2 Re8 11. Bd3 Bg4 12. h3 Bh5 13. Re1 Qd6 14. c4 d4 15. Qc2 Nb4 16. Qb1 Rxe1+ 17. Nxe1 Re8 18. Ndf3 Nxd3 19. Qxd3 Bg6 20. Qd1 d3 21. Qd2 Ne4 22. Qxd3 Bxf2+ 23. Kf1 Ng3+ 24. Kxf2 Bxd3 25. Nxd3 Re2+ 0-1


[Site "https://www.chess.com"]

[Event "Titled Tuesday Blitz May 23 Early 2023"]
[White "Sanudula, K M Dahamdi"]
[Black "Srdanovic, Jovana"]
[WhiteFideId "9932470"]
[BlackFideId "954810"]
[WhiteElo "1556"]
[BlackElo "2169"]
[Result "0-1"]
[Round "10"]
[TimeControl "180+2"]
[Date "2023.05.23"]
[WhiteClock "0:00:25"]
[BlackClock "0:01:06"]

1. d4 d5 2. e3 c5 3. c3 cxd4 4. exd4 Nc6 5. f4 Nf6 6. Nf3 Ne4 7. Bd3 Bg4 8. Qe2 f5 9. h3 Bxf3 10. Qxf3 e6 11. O-O Bd6 12. Nd2 O-O 13. Qe2 Qf6 14. Qe1 Rae8 15. Nf3 h6 16. Ne5 Bxe5 17. fxe5 Qe7 18. Bxe4 fxe4 19. Be3 Na5 20. b3 Nc6 21. Qg3 Rxf1+ 22. Rxf1 Rf8 23. Bxh6 Rxf1+ 24. Kxf1 b5 25. Bg5 Qf7+ 26. Kg1 b4 27. Be3 bxc3 28. Qe1 c2 29. Qd2 Qe7 30. Qxc2 Nb4 31. Qc8+ Kh7 32. a3 Nd3 33. a4 Qb4 34. Kh2 Qe1 35. Bg5 Qf2 36. Qxe6 Ne1 37. Qg4 Nf3+ 38. Qxf3 exf3 0-1


[Site "https://www.chess.com"]

[Event "Titled Tuesday Blitz May 23 Early 2023"]
[White "Nugumanov, Bakhtiyar"]
[Black "Zaitsev, Alexander"]
[WhiteFideId "13701797"]
[BlackFideId "4164490"]
[WhiteElo "2209"]
[BlackElo "2373"]
[Result "1/2-1/2"]
[Round "10"]
[TimeControl "180+2"]
[Date "2023.05.23"]
[WhiteClock "0:00:08"]
[BlackClock "0:00:07"]

1. Nf3 c5 2. c4 Nc6 3. Nc3 g6 4. e3 Nf6 5. d4 cxd4 6. exd4 d5 7. cxd5 Nxd5 8. Qb3 Nxc3 9. Bc4 e6 10. bxc3 Bg7 11. Ba3 Bf8 12. Bb2 Na5 13. Bb5+ Bd7 14. Qa4 Nc6 15. d5 exd5 16. c4 d4 17. Nxd4 Bb4+ 18. Kf1 O-O 19. Bxc6 bxc6 20. Qxb4 Rb8 21. Qc3 Qb6 22. Nb3 f6 23. Qd4 Qc7 24. Qh4 Qd6 25. Qd4 Qc7 26. h4 Bf5 27. Qe3 Rbd8 28. Re1 Bd3+ 29. Kg1 Bxc4 30. Qc3 Bd5 31. h5 g5 32. Qg3 Qb6 33. Bd4 Qb5 34. Bxf6 Rxf6 35. Qxg5+ Kf7 36. h6 Rg8 37. Qh5+ Rfg6 38. Qf5+ Rf6 39. Qd7+ Kg6 40. Qg4+ Kf7 41. Qd7+ Kg6 42. Qg4+ Kf7 43. Qd7+ 1/2-1/2


[Site "https://www.chess.com"]

[Event "Titled Tuesday Blitz May 23 Early 2023"]
[White "Gurevich, Dmitry"]
[Black "ChesscularGodofchess"]
[WhiteFideId "2000407"]
[WhiteElo "2506"]
[BlackElo "2193"]
[Result "1-0"]
[Round "10"]
[TimeControl "180+2"]
[Date "2023.05.23"]
[WhiteClock "0:02:27"]
[BlackClock "0:01:45"]

1. d4 d5 2. c4 c6 3. cxd5 cxd5 4. Bg5 h6 5. Bh4 Nc6 6. Qd2 Bf5 7. Nc3 Qa5 8. e3 a6 9. Nf3 Nb4 10. Rc1 Nxa2 11. Ra1 e6 12. Rxa2 1-0


[Site "https://www.chess.com"]

[Event "Titled Tuesday Blitz May 23 Early 2023"]
[White "Kovalevsky, Stanislav"]
[Black "Torres Dominguez, David"]
[WhiteFideId "13508598"]
[BlackFideId "2220857"]
[WhiteElo "2174"]
[BlackElo "1999"]
[Result "1-0"]
[Round "10"]
[TimeControl "180+2"]
[Date "2023.05.23"]
[WhiteClock "0:01:09"]
[BlackClock "0:00:00"]

1. c4 e5 2. Nc3 Nc6 3. g3 f5 4. Bg2 Nf6 5. Rb1 a5 6. a3 Bc5 7. Nd5 d6 8. b4 axb4 9. axb4 Ba7 10. e3 Nxd5 11. Bxd5 Ne7 12. Bg2 O-O 13. Ne2 Qe8 14. O-O Bd7 15. Bxb7 Rb8 16. Bg2 Bc6 17. d4 Bxg2 18. Kxg2 f4 19. exf4 Ng6 20. dxe5 dxe5 21. Qd5+ Kh8 22. fxe5 Nxe5 23. Nf4 Ng6 24. c5 c6 25. Qa2 Ne5 26. Qxa7 Ra8 27. Qc7 Rc8 28. Qd6 Nc4 29. Qe6 Qd8 30. Qxc4 1-0


[Site "https://www.chess.com"]

[Event "Titled Tuesday Blitz May 23 Early 2023"]
[White "Ginzburg, Yakov"]
[Black "Melikhov, Evgeny V."]
[WhiteFideId "4157176"]
[BlackFideId "4122046"]
[WhiteElo "2305"]
[BlackElo "2158"]
[Result "1/2-1/2"]
[Round "10"]
[TimeControl "180+2"]
[Date "2023.05.23"]
[WhiteClock "0:00:07"]
[BlackClock "0:00:08"]

1. e4 e5 2. Nf3 Nc6 3. Bb5 a6 4. Ba4 Nf6 5. O-O Nxe4 6. d4 b5 7. Bb3 d5 8. dxe5 Be6 9. Be3 Be7 10. Nbd2 O-O 11. c3 Qd7 12. Bc2 f5 13. exf6 Nxf6 14. Re1 Bf5 15. a4 Bxc2 16. Qxc2 Bd6 17. h3 Rae8 18. axb5 axb5 19. Ra6 Ne5 20. Nxe5 Rxe5 21. Nf3 Rh5 22. Bg5 Ne4 23. Rxe4 dxe4 24. Qxe4 h6 25. Be3 Rhf5 26. Ra8 Rxa8 27. Qxa8+ Rf8 28. Qd5+ Kh7 29. Qe4+ Qf5 30. Qxf5+ Rxf5 31. Nd4 Rd5 32. b4 c5 33. bxc5 Bxc5 34. Kf1 Bxd4 35. Bxd4 b4 36. Ke2 b3 37. Kd2 Ra5 38. c4 Ra2+ 39. Kc3 b2 40. Kc2 Ra4 41. Bxb2 Rxc4+ 42. Kd3 Ra4 43. Bd4 g5 44. Be3 Kg6 45. Ke2 Kf5 46. Kf3 h5 47. Kg3 h4+ 48. Kf3 Ra3 49. Ke2 Ra2+ 50. Kf3 Rb2 51. Bd4 Rb3+ 52. Be3 Ra3 53. Ke2 g4 54. hxg4+ Kxg4 55. Bc5 Rb3 56. Bd4 Ra3 57. Be3 Ra2+ 58. Bd2 Ra1 59. Be1 Rb1 60. f3+ Kg5 61. Bd2+ Kf5 62. Kf2 Rb2 63. Ke3 Ra2 64. Ke2 Kg6 65. Ke3 Kh5 66. Ke2 Rb2 67. Ke3 Rb1 68. Ke2 Rg1 69. Kf2 Rd1 70. Ke2 Ra1 71. Kf2 Rb1 72. Ke2 Ra1 73. Kf2 Rb1 74. Ke3 Ra1 75. Kf2 1/2-1/2


[Site "https://www.chess.com"]

[Event "Titled Tuesday Blitz May 23 Early 2023"]
[White "Goswami, Vedant"]
[Black "Janaszak, Dawid"]
[WhiteFideId "5003725"]
[BlackFideId "1119206"]
[WhiteElo "2011"]
[BlackElo "2220"]
[Result "0-1"]
[Round "10"]
[TimeControl "180+2"]
[Date "2023.05.23"]
[WhiteClock "0:00:22"]
[BlackClock "0:00:58"]

1. b3 c5 2. Bb2 Nc6 3. c4 e5 4. Nf3 e4 5. Ng1 Nf6 6. Nc3 Be7 7. Qb1 d5 8. cxd5 Nd4 9. e3 O-O 10. exd4 cxd4 11. Nxe4 Nxe4 12. Qxe4 Bf6 13. O-O-O Re8 14. Qf3 a5 15. Bb5 Re5 16. Ne2 Rxd5 17. Bc4 Rf5 18. Qg3 a4 19. Nxd4 Bxd4 20. Bxd4 Qxd4 21. Qc3 Qb6 22. Rhe1 Be6 23. Bxe6 fxe6 24. Kb2 axb3 25. axb3 Rxf2 26. Qc4 Re8 27. Re2 Rxe2 28. Qxe2 Qd4+ 29. Kb1 Ra8 30. Qc4 Ra1+ 31. Kc2 Ra2+ 32. Kb1 Qa1# 0-1


[Site "https://www.chess.com"]